 Dungeon Crawl Stone Soup version 0.25-a0-589-g1e14c549ee (webtiles) character file.

Game seed: 8726640269918013536, levelgen mode: deterministic

2585 Emblim88 the Shield-Bearer (level 9, 0/74 HPs)
             Began as a Gnoll Fighter on Mar 13, 2020.
             Slain by a hog (8 damage)
             ... on level 7 of the Dungeon.
             The game lasted 00:07:36 (5085 turns).

Emblim88 the Shield-Bearer (Gnoll Fighter)          Turns: 5085, Time: 00:07:37

Health: 0/74       AC:  8    Str: 22    XL:     9   Next: 58%
Magic:  24/24      EV: 11    Int: 10    God:
Gold:   363        SH: 12    Dex: 15    Spells: 16/16 levels left

rFire    . . .     SeeInvis .   v - +2 whip (vamp)
rCold    . . .     Gourm    .   c - +1 kite shield
rNeg     . . .     Faith    .   b - +0 scale mail
rPois    +         Spirit   .   (no helmet)
rElec    .         Reflect  .   j - scarf {cloud immunity}
rCorr    .         Harm     .   (no gloves)
MR       .....                  (no boots)
Stlth    +.........             (no amulet)
HPRegen  0.22/turn              i - ring of magical power
MPRegen  0.19/turn              o - ring of poison resistance

@: brilliant, flying
A: distributed training, fangs 1, strong nose
a: no special abilities


You were on level 7 of the Dungeon.
You were not hungry.

You visited 1 branch of the dungeon, and saw 7 of its levels.
You also visited: Sewer.

You collected 363 gold pieces.

Inventory:

Hand Weapons
 u - a +0 flail of draining
 v - a +2 vampiric whip (weapon)
Missiles
 h - 44 poisoned darts (quivered)
 y - 3 boomerangs
Armour
 b - a +0 scale mail (worn)
 c - a +1 kite shield (worn)
 j - a scarf of cloud immunity (worn)
Jewellery
 i - a ring of magical power (left hand)
 k - an uncursed ring of ice
 o - a ring of poison resistance (right hand)
Wands
 t - a wand of paralysis (6)
 z - a wand of flame (11)
 A - a wand of acid (6)
Scrolls
 d - 3 scrolls of amnesia
 e - 2 scrolls of identify
 g - 6 scrolls of teleportation
 m - 2 scrolls of blinking
 q - a scroll of remove curse
 x - a scroll of enchant weapon {unknown}
Potions
 l - 2 potions of brilliance
 n - a potion of mutation {unknown}
 p - a potion of ambrosia
 r - 3 potions of curing
 s - a potion of heal wounds {unknown}
 w - 2 potions of flight
Comestibles
 f - 16 rations


   Skills:
 + Level 7.9 Fighting
 + Level 4.3 Short Blades
 + Level 6.3 Long Blades
 + Level 4.3 Axes
 + Level 4.3 Maces & Flails
 + Level 4.3 Polearms
 + Level 4.3 Staves
 + Level 4.3 Slings
 + Level 4.3 Bows
 + Level 4.3 Crossbows
 + Level 4.3 Throwing
 + Level 7.9 Armour
 + Level 4.3 Dodging
 + Level 4.3 Stealth
 + Level 7.9 Shields
 + Level 4.3 Unarmed Combat
 + Level 4.3 Spellcasting
 + Level 3.5 Conjurations
 + Level 3.5 Hexes
 + Level 3.5 Charms
 + Level 3.5 Summonings
 + Level 3.5 Necromancy
 + Level 3.5 Translocations
 + Level 3.5 Transmutations
 + Level 3.5 Fire Magic
 + Level 3.5 Ice Magic
 + Level 3.5 Air Magic
 + Level 3.5 Earth Magic
 + Level 3.5 Poison Magic
 + Level 4.7 Invocations
 + Level 4.3 Evocations


You had 16 spell levels left.
You didn't know any spells.
Your spell library contained the following spells:

 Spells                   Type           Power        Failure   Level  Hunger
 Corona                   Hex            ##.....      32%         1    None
 Ensorcelled Hibernation  Hex/Ice        ##....       45%         2    None
 Confusing Touch          Hex            ##......     69%         3    None
 Dazzling Flash           Conj/Hex       ##....       69%         3    None
 Tukima's Dance           Hex            ##......     69%         3    None


Dungeon Overview and Level Annotations

Branches:
Dungeon (7/15)              Sewer (visited)
 Temple: D:4-7

Altars:
Dithmenos
Kikubaaqudgha
Okawaru
Sif Muna
The Shining One


Innate Abilities, Weirdness & Mutations

Your experience applies equally to all skills.
You have very sharp teeth.
Your uncanny sense of smell can sniff out nearby items.


Message History

You are confused.
You feel invigorated. The hog bites you.
* * * LOW HITPOINT WARNING * * *
The hog bites you but does no damage. The hog bites you.
* * * LOW HITPOINT WARNING * * *
The hog misses you. The hog bites you!
* * * LOW HITPOINT WARNING * * *
The hog closely misses you.
It was a potion of curing.
You feel better.
You feel less invigorated. You block the hog's attack.
The hog barely misses you. The hog bites you!
* * * LOW HITPOINT WARNING * * *
It was a potion of flight.
You feel very buoyant.
You fly up into the air.
The hog misses you. The hog barely misses you. You block the hog's attack.
It was a potion of magic.
Magic courses through your body. You block the hog's attack.
The hog misses you. The hog bites you.
* * * LOW HITPOINT WARNING * * *
The hog bites you!
You die...

...............#
#
................#
#
................#
#
................#
#
#..............#
#
#..............#
#
#..............#
#
#..............#
#
#....h@h.......#
#
#....#h#####...#
#
######..#..#...#
# #..#..#...# #
#..'..##### #
#%.#..# # #%%#..#
# ####### # #


You could see 3 hogs.

Vanquished Creatures
  A hog (D:7)
  A human (D:7)
  Menkaure (D:5)
  2 water moccasins (D:6)
  An ice beast (D:6)
  A sky beast (D:5)
  A black bear (D:6)
  A necrophage (D:7)
  An eye of draining (D:6)
  3 ogres
  3 bullfrogs
  A big kobold (Sewer)
  A wyvern zombie (D:6)
  2 scorpions
  2 howler monkeys (D:4)
  A crimson imp (D:5)
  2 hounds
  A bullfrog skeleton (D:6)
  A quasit (D:6)
  2 centaur skeletons
  A gnoll shaman (D:5)
  Jessica (D:7)
  An iguana (D:5)
  6 worker ants
  A killer bee zombie (D:5)
  A hound zombie (D:5)
  9 adders
  11 gnolls
  2 shadow imps
  3 adder skeletons
  A dart slug (D:4)
  4 leopard geckos
  13 orcs
  4 giant cockroaches
  6 goblins
  9 hobgoblins
  9 jackals
  2 quokkas
  A ball python (D:4)
  14 bats
  7 frilled lizards
  16 kobolds
  A leopard gecko skeleton (D:4)
  A leopard gecko zombie (D:7)
  9 rats
162 creatures vanquished.

Notes
Turn   | Place    | Note
-------+----------+-------------------------------------------
     0 | D:1      | Emblim88 the Gnoll Fighter began the quest for the Orb.
     0 | D:1      | Reached XP level 1. HP: 23/23 MP: 1/1
   104 | D:1      | Reached XP level 2. HP: 28/29 MP: 2/2
   554 | D:2      | Reached XP level 3. HP: 34/35 MP: 3/3
   614 | D:2      | Reached skill level 1 in Invocations
   623 | D:2      | Reached skill level 1 in Short Blades
   623 | D:2      | Reached skill level 1 in Axes
   623 | D:2      | Reached skill level 1 in Maces & Flails
   623 | D:2      | Reached skill level 1 in Polearms
   623 | D:2      | Reached skill level 1 in Staves
   623 | D:2      | Reached skill level 1 in Slings
   623 | D:2      | Reached skill level 1 in Bows
   623 | D:2      | Reached skill level 1 in Crossbows
   623 | D:2      | Reached skill level 1 in Throwing
   623 | D:2      | Reached skill level 1 in Dodging
   623 | D:2      | Reached skill level 1 in Stealth
   623 | D:2      | Reached skill level 1 in Unarmed Combat
   623 | D:2      | Reached skill level 1 in Spellcasting
   623 | D:2      | Reached skill level 1 in Evocations
   632 | D:2      | Reached XP level 4. HP: 5/41 MP: 5/5
   799 | D:2      | Reached skill level 1 in Conjurations
   799 | D:2      | Reached skill level 1 in Hexes
   799 | D:2      | Reached skill level 1 in Charms
   799 | D:2      | Reached skill level 1 in Summonings
   799 | D:2      | Reached skill level 1 in Necromancy
   799 | D:2      | Reached skill level 1 in Translocations
   799 | D:2      | Reached skill level 1 in Transmutations
   799 | D:2      | Reached skill level 1 in Fire Magic
   799 | D:2      | Reached skill level 1 in Ice Magic
   799 | D:2      | Reached skill level 1 in Air Magic
   799 | D:2      | Reached skill level 1 in Earth Magic
   799 | D:2      | Reached skill level 1 in Poison Magic
   926 | D:2      | Reached XP level 5. HP: 42/47 MP: 6/6
  1678 | D:3      | Reached XP level 6. HP: 49/53 MP: 8/8
  1913 | D:4      | Reached skill level 5 in Long Blades
  2109 | D:4      | Reached XP level 7. HP: 45/59 MP: 10/10
  2288 | D:5      | Entered Level 5 of the Dungeon
  2519 | D:5      | Found a glowing drain.
  2524 | Sewer    | Entered a sewer
  2752 | Sewer    | Found a white marble altar of Elyvilon.
  2883 | D:5      | Reached XP level 8. HP: 55/67 MP: 12/12
  2883 | D:5      | Found a shadowy altar of Dithmenos.
  3173 | D:5      | Noticed Menkaure
  3184 | D:5      | Killed Menkaure
  4346 | D:6      | Reached XP level 9. HP: 54/72 MP: 14/14
  4673 | D:6      | Found an iron altar of Okawaru.
  4681 | D:6      | Found an ancient bone altar of Kikubaaqudgha.
  4684 | D:6      | Found a glowing golden altar of the Shining One.
  4787 | D:7      | Noticed Jessica
  4795 | D:7      | Found a shimmering blue altar of Sif Muna.
  4805 | D:7      | Killed Jessica
  5085 | D:7      | Slain by a hog

Levels and vault maps discovered:
D:1:      lemuel_arrival_rhombus, layout_basic
D:2:      layout_loops_ring, minmay_pentomino_t4
D:3:      layout_loops_ring
D:4:      layout_basic
D:5:      layout_loops_corners, first_ration, gup_sewer_entry_bowl,
          grunt_dithmenos_smoke, uniq_menkaure
D:6:      layout_cave_pools, grunt_temple_overflow_diamond
D:7:      layout_gridville, temple_hall, grunt_livestock, tgw_sif

Skill      XL: |  1  2  3  4  5  6  7  8  9 |
---------------+----------------------------+-----
Invocations    | 1 2 3 4 |  4.7
Short Blades   | 1 2 3 4 |  4.3
Axes           | 1 2 3 4 |  4.3
Maces & Flails | 1 2 3 4 |  4.3
Polearms       | 1 2 3 4 |  4.3
Staves         | 1 2 3 4 |  4.3
Slings         | 1 2 3 4 |  4.3
Bows           | 1 2 3 4 |  4.3
Crossbows      | 1 2 3 4 |  4.3
Throwing       | 1 2 3 4 |  4.3
Dodging        | 1 2 3 4 |  4.3
Stealth        | 1 2 3 4 |  4.3
Unarmed Combat | 1 2 3 4 |  4.3
Spellcasting   | 1 2 3 4 |  4.3
Evocations     | 1 2 3 4 |  4.3
Conjurations   | 1 2 3 |  3.5
Hexes          | 1 2 3 |  3.5
Charms         | 1 2 3 |  3.5
Summonings     | 1 2 3 |  3.5
Necromancy     | 1 2 3 |  3.5
Translocations | 1 2 3 |  3.5
Transmutations | 1 2 3 |  3.5
Fire Magic     | 1 2 3 |  3.5
Ice Magic      | 1 2 3 |  3.5
Air Magic      | 1 2 3 |  3.5
Earth Magic    | 1 2 3 |  3.5
Poison Magic   | 1 2 3 |  3.5
Long Blades    | 5 6 |  6.3
Fighting       | 7 |  7.9
Armour         | 7 |  7.9
Shields        | 7 |  7.9

Action                   |  1- 3 |  4- 6 |  7- 9 || total
-------------------------+-------+-------+-------++-------
Melee: Long sword        |    81 |   163 |     1 ||   245
       Bite              |     9 |    23 |    72 ||   104
       Flail             |       |       |    84 ||    84
       Whip              |       |       |   347 ||   347
  Use: Potion            |       |     3 |     5 ||     8
       Scroll            |       |       |     6 ||     6
 Stab: Sleeping          |       |       |     1 ||     1
  Eat: Chunk             |       |     4 |     5 ||     9
       Ration            |       |       |     2 ||     2
Armor: Scale mail        |    30 |    66 |   113 ||   209
       Skin              |       |     8 |       ||     8
Dodge: Dodged            |    33 |    86 |   151 ||   270
Block: Kite shield       |    67 |   141 |   243 ||   451
       Rpst.: Long sword |    10 |    30 |       ||    40

Table legend:
 A = Non-vault XP
 B = Vault XP
 C = Vault XP percentage of total XP
 D = Non-vault monster count
 E = Vault monster count
 F = Vault count percentage of total count
                 A         B        C        D         E       F
            +---------+---------+-------+---------+---------+-------
      Total |    2963 |     731 |  19.8 |     143 |      19 |  11.7
            +---------+---------+-------+---------+---------+-------
        D:1 |      29 |       0 |   0.0 |      17 |       0 |   0.0
        D:2 |     178 |       4 |   2.2 |      31 |       2 |   6.1
        D:3 |     110 |       0 |   0.0 |      27 |       0 |   0.0
        D:4 |     384 |       0 |   0.0 |      19 |       0 |   0.0
        D:5 |     727 |     189 |  20.6 |      29 |       4 |  12.1
        D:6 |    1218 |       0 |   0.0 |      14 |       0 |   0.0
        D:7 |     317 |     432 |  57.7 |       6 |       3 |  33.3
      Sewer |       0 |     106 | 100.0 |       0 |      10 | 100.0
            +---------+---------+-------+---------+---------+-------
